Map: 2000 Atmospheres LE

Players

MaSa

  • Race: Terran Terran

Astrea - Winner!

  • Race: Protoss Protoss

Event: DreamHack SC2 Masters 2021 Fall

VOD

Have the link to the VOD?

Description

Time

  • Played on: Aug. 3, 2021, 3:29 p.m.
  • Length: 10:32

All games in this series

Show
View Real Time Build Order
Export as new Build Order

MaSa Terran 

Build Orders:  

Get SALT Encoding   

  12  0:00  SCV  
  13  0:12  SCV  
  14  0:16  Supply Depot  
  14  0:24  SCV  
  15  0:38  SCV  
  15  0:40  Barracks  
  16  0:43  Refinery  
  16  0:50  SCV  
  17  1:02  SCV  
  18  1:14  SCV  
  19  1:26  Orbital Command  
  19  1:27  Marine  
  20  1:45  Barracks Reactor  
  20  1:46  Command Center  
  20  1:52  SCV  
  21  1:56  Supply Depot  
  21  2:05  Barracks  
  21  2:08  SCV  
  22  2:15  Barracks  
  22  2:23  Marine x2  
  22  2:29  Bunker  
  24  2:32  SCV  
  25  2:40  Marine x2  
  27  2:44  SCV  
  28  2:55  Barracks Tech Lab  
  28  2:56  SCV  
  29  2:58  Marine x2  
  29  3:04  Orbital Command  
  31  3:08  SCV  
  31  3:09  Barracks Tech Lab  
  32  3:13  Marine  
  32  3:16  Marine  
  32  3:18  Stimpack  
  34  3:20  SCV  
  35  3:27  Marine x2  
  35  3:30  SCV  
  38  3:35  SCV  
  38  3:37  Marine, Marauder  
  38  3:40  Combat Shield  
  42  3:44  Supply Depot  
  42  3:47  SCV  
  43  3:49  Marauder  
  45  3:56  SCV  
  45  4:00  Refinery  
  46  4:05  Marine, Marauder  
  46  4:06  SCV  
  49  4:10  SCV, Marauder  
  49  4:12  Engineering Bay  
  49  4:15  Marine  
  53  4:18  SCV  
  54  4:26  Supply Depot  
  54  4:36  Factory  
  54  4:44  Supply Depot  
  54  4:47  Marine x2, SCV x2  
  54  4:48  Marauder x2  
  60  4:58  Concussive Shells  
  60  4:59  SCV x2  
  60  5:04  Terran Infantry Weapons Level 1  
  60  5:05  Refinery, Marine x2  
  62  5:09  Marauder  
  62  5:11  SCV x2  
  66  5:15  Marauder  
  68  5:22  Refinery  
  68  5:23  Supply Depot, SCV  
  68  5:24  SCV  
  68  5:25  Marine x2  
  68  5:28  Starport  
  72  5:30  Marauder  
  72  5:35  SCV  
  75  5:36  Factory Reactor  
  75  5:38  SCV  
  75  5:47  SCV  
  76  5:52  Marine, Command Center  
  76  5:53  Marauder  
  76  5:54  SCV  
  80  5:57  Supply Depot  
  80  6:00  SCV, Marauder  
  80  6:02  Marine  
  84  6:10  Marine  
  83  6:14  Marauder  
  85  6:20  Marine x2, SCV x2  
  87  6:28  Marine, Medivac  
  87  6:29  Command Center  
  87  6:30  Factory Reactor  
  90  6:33  Medivac  
  90  6:35  Barracks  
  90  6:36  Marauder  
  90  6:38  Barracks  
  94  6:45  Marine, Supply Depot, SCV x2  
  94  6:46  Marauder  
  99  6:53  Supply Depot  
  99  6:56  Marine  
  99  6:58  Medivac  
  102  7:06  Marine, SCV, Medivac, Marauder  
  102  7:07  Terran Infantry Armor Level 1  
  108  7:09  Supply Depot  
  108  7:10  Widow Mine  
  108  7:15  Widow Mine  
  114  7:16  Marine, Marauder  
  114  7:18  SCV x2  
  114  7:21  Supply Depot  
  117  7:24  Marine  
  117  7:25  Supply Depot  
  117  7:26  Barracks Reactor  
  117  7:28  Barracks Tech Lab  
  118  7:30  Liberator  
  118  7:36  Liberator  
  124  7:38  SCV x2  
  124  7:43  Marine, Marauder  
  129  7:45  Marine  
  129  7:46  Marauder  
  129  7:50  SCV  
  133  7:53  Marauder  
  135  8:01  Marine  
  135  8:04  SCV x2  
  136  8:14  Marine, Liberator  
  136  8:15  Marine x2, Marauder x2  
  136  8:16  Widow Mine, Marauder  
  150  8:22  Widow Mine  
  152  8:27  SCV  
  152  8:30  Liberator  
  152  8:31  Marine  
  157  8:35  Supply Depot  
  157  8:36  Supply Depot  
  157  8:41  Ghost Academy  
  157  8:49  SCV  
  157  8:54  Orbital Command  
  157  8:57  Marine x2, SCV, Marauder x3  
  157  8:58  Widow Mine x2  
  157  9:02  Marine x2  
  171  9:07  Liberator  
  172  9:13  SCV  
  172  9:14  Marine  
  173  9:19  Widow Mine, Marauder  
  173  9:21  Marine  
  173  9:22  Marine x2  
  173  9:24  Marine, Marauder  
  147  9:32  Marine  
  143  9:39  Marine  
  143  9:40  Marine, Marauder  
  143  9:41  Marine, Marauder  
  143  9:45  Marauder  
  139  9:50  Marine  
  126  9:57  Marine x2  
  126  9:59  Marine  
  114  10:02  Marauder x2  
  114  10:06  Marauder  
  107  10:07  SCV  
  107  10:08  Marine  
Show
View Real Time Build Order
Export as new Build Order

Astrea Protoss - Winner!

Build Orders: 1 Gate Expand, Blink Stalkers 

Get SALT Encoding   

  12  0:00  Probe  
  13  0:12  Probe  
  14  0:17  Pylon  
  14  0:24  Probe (Chrono Boost)  
  15  0:36  Probe (Chrono Boost)  
  15  0:39  Gateway  
  16  0:44  Probe (Chrono Boost)  
  16  0:48  Assimilator  
  17  0:51  Probe  
  18  1:03  Probe  
  19  1:15  Probe  
  20  1:25  Cybernetics Core  
  20  1:35  Nexus  
  20  1:38  Probe  
  21  1:47  Pylon  
  21  1:50  Probe  
  22  1:56  Assimilator  
  22  2:02  Adept (Chrono Boost)  
  22  2:04  Warp Gate  
  22  2:07  Probe (Chrono Boost)  
  25  2:17  Probe (Chrono Boost)  
  25  2:22  Probe (Chrono Boost)  
  26  2:26  Twilight Council  
  27  2:34  Probe  
  27  2:35  Stalker  
  29  2:47  Probe (Chrono Boost)  
  31  2:51  Probe (Chrono Boost)  
  31  2:56  Probe (Chrono Boost)  
  33  3:00  Blink (Chrono Boost), Probe (Chrono Boost)  
  33  3:01  Probe (Chrono Boost)  
  34  3:05  Gateway  
  34  3:10  Probe  
  35  3:13  Probe  
  36  3:21  Sentry  
  36  3:22  Probe  
  36  3:25  Probe  
  40  3:28  Pylon  
  40  3:34  Probe  
  40  3:37  Probe  
  42  3:46  Probe  
  43  3:49  Probe  
  44  3:58  Nexus, Stalker, Probe  
  44  4:00  Stalker  
  49  4:05  Probe  
  49  4:07  Assimilator  
  49  4:08  Pylon  
  48  4:14  Probe  
  49  4:18  Probe  
  49  4:19  Pylon  
  49  4:22  Stalker  
  49  4:23  Stalker  
  54  4:27  Probe  
  54  4:28  Shield Battery  
  54  4:31  Probe  
  56  4:42  Probe  
  56  4:44  Probe  
  58  4:46  Robotics Facility  
  58  4:48  Assimilator  
  58  4:52  Stalker x2  
  62  4:54  Probe  
  63  5:01  Probe  
  63  5:05  Pylon  
  63  5:06  Probe  
  65  5:13  Probe  
  66  5:14  Probe  
  66  5:16  Stalker x2  
  66  5:21  Probe (Chrono Boost)  
  72  5:25  Probe (Chrono Boost)  
  72  5:26  Probe (Chrono Boost)  
  74  5:33  Probe (Chrono Boost)  
  78  5:36  Observer, Probe (Chrono Boost), Robotics Bay  
  78  5:37  Probe (Chrono Boost)  
  78  5:39  Probe (Chrono Boost)  
  78  5:41  Probe x2 (Chrono Boost)  
  80  5:43  Sentry  
  80  5:44  Sentry  
  80  5:45  Pylon, Shield Battery  
  80  5:47  Probe  
  86  5:50  Forge  
  86  5:51  Probe  
  86  5:53  Probe  
  88  5:57  Assimilator  
  88  5:59  Probe  
  88  6:02  Assimilator  
  88  6:03  Probe  
  90  6:05  Pylon, Probe  
  90  6:11  Probe  
  90  6:14  Observer (Chrono Boost)  
  90  6:15  Probe  
  90  6:17  Protoss Ground Weapons Level 1 (Chrono Boost), Probe  
  87  6:22  Stalker x2  
  87  6:25  Gateway, Phoenix  
  89  6:26  Gateway  
  89  6:29  Colossus (Chrono Boost)  
  89  6:31  Gateway  
  89  6:32  Extended Thermal Lance  
  95  6:35  Gateway x2  
  95  6:48  Gateway  
  95  6:49  Gateway, Stalker x2  
  99  6:59  Charge  
  99  7:01  Pylon  
  99  7:05  Colossus (Chrono Boost)  
  99  7:08  Gateway  
  99  7:09  Gateway  
  105  7:21  Phoenix  
  105  7:22  Pylon  
  105  7:28  Forge, Templar Archives  
  105  7:30  Zealot x6  
  105  7:35  Pylon  
  117  7:37  Pylon x2  
  117  7:42  Pylon  
  117  7:49  Warp Prism (Chrono Boost)  
  119  7:52  Pylon  
  119  7:58  Protoss Ground Armor Level 1 (Chrono Boost)  
  119  8:01  Pylon  
  119  8:11  High Templar  
  119  8:12  High Templar  
  122  8:13  High Templar x4  
  122  8:14  Zealot x5  
  122  8:19  Pylon, Archon x3  
  140  8:20  Pylon  
  140  8:30  Photon Cannon  
  140  8:33  Pylon  
  140  8:36  Colossus  
  146  8:43  Nexus  
  146  8:47  Stalker x5  
  154  8:50  Stalker  
  155  9:17  Zealot x5  
  155  9:18  Observer, Zealot x6  
  165  9:31  Colossus  
  167  9:43  Stalker x5  
  159  10:05  Zealot x6  
  163  10:07  Stalker x4  
  141  10:27  Zealot x6  

Tags
 
Add a new tag
Caveats
  • Supply blocks, unpowered buildings, or Contaminate may cause inaccurate times.
  • Supply counts are checked every 10 seconds.